 Dungeon Crawl Stone Soup version 0.17-a0-1711-gc5340a3 (webtiles) character file.

16 kae the Firebug (level 2, 0/15 HPs)
             Began as a Tengu Fire Elementalist on Aug 22, 2015.
             Succumbed to an adder's poison
             ... on level 2 of the Dungeon.
             The game lasted 00:01:05 (652 turns).

kae the Firebug (Tengu Fire Elementalist)            Turns: 652, Time: 00:01:06

Health: 0/15       AC:  2    Str:  8    XL:     2   Next: 54%
Magic:  3/6        EV: 12    Int: 15    God:
Gold:   15         SH:  0    Dex: 14    Spells: 1 memorised, 4 levels left

rFire  . . .     SeeInvis .     l - +0 long sword (curse)
rCold  . . .     Clarity  .     a - +0 robe
rNeg   . . .     SustAt   .     (no shield)
rPois  .         Gourm    .     (helmet restricted)
rElec  .         Spirit   .     (no cloak)
rCorr  .         Warding  .     (no gloves)
rMut   .         Stasis   .     (boots unavailable)
MR     .....                    (no amulet)
Stlth  ++........               (no ring)
                                (no ring)

@: lethally poisoned (0 -> -12), not resistant to hostile enchantments,
unstealthy
A: beak, talons 3
a: no special abilities


You were on level 2 of the Dungeon.
You were not hungry.

You visited 1 branch of the dungeon, and saw 2 of its levels.

You collected 15 gold pieces.

Inventory:

Hand weapons
 g - a +0 spear
 l - a cursed +0 long sword (weapon)
Armour
 a - a +0 robe (worn)
Scrolls
 e - 2 scrolls of identify {unknown}
 h - a scroll of random uselessness {unknown}
 i - 2 scrolls of fear {unknown}
 j - 2 scrolls of teleportation {unknown}
Potions
 d - a potion of might {unknown}
 f - 3 potions of curing {unknown}
Books
 b - a book of Flames

   Spells                             Type                      Level
   a - Flame Tongue                   Conjuration/Fire             1
   b - Throw Flame                    Conjuration/Fire             2
   c - Conjure Flame                  Conjuration/Fire             3
   d - Inner Flame                    Hexes/Fire                   3
   e - Sticky Flame                   Conjuration/Fire             4
   f - Fireball                       Conjuration/Fire             5
Comestibles
 c - 4 bread rations
 k - a chunk of flesh


   Skills:
 - Level 2.1 Dodging
 - Level 2.0 Stealth
 - Level 2.0 Spellcasting
 - Level 1.3 Conjurations
 + Level 4.2 Fire Magic


You had 4 spell levels left.
You knew the following spells:

 Your Spells              Type           Power        Failure   Level  Hunger
a - Flame Tongue          Conj/Fire      #....        10%         1    #......


Dungeon Overview and Level Annotations

Branches:
Dungeon (2/15)

Altars:
Okawaru
Ru


Innate Abilities, Weirdness & Mutations

You have a beak for a mouth.
You have claws for feet.


Message History

The adder misses you.
Casting: Flame Tongue
Confirm with . or Enter, or press ? or * to list all spells.
Aiming: Flame Tongue
Press: ? - help, Shift-Dir - straight line, f/p - adder
Aim: an adder (lightly wounded)
The flame tongue misses the adder.
* * * LOW HITPOINT WARNING * * *
You feel sick. The adder bites you.
* * * LOW HITPOINT WARNING * * *
You are more poisoned.
The adder poisons you! The adder barely misses you.
Casting: Flame Tongue
Confirm with . or Enter, or press ? or * to list all spells.
Aiming: Flame Tongue
Press: ? - help, Shift-Dir - straight line, f/p - adder
Aim: an adder (lightly wounded)
The flame tongue hits the adder.
The adder is severely wounded.
You die...

. .# .. .. .########
####### .##..#..#
#..#..# .##..#..#
#..#..# †.......+
+S....#
.#.....#########@...#
.#...)..'._#..'.....#
##...#..#.###.#..#..#
###..#..#.....#.?#..#
#########.....#### ##
.##..#...........#
.##......#####.....
.######### ......
...# .#####


You could see an adder.

Vanquished Creatures
  An ooze (D:1)
  2 hobgoblins (D:1)
  A quokka (D:2)
  3 bats (D:2)
  A giant newt (D:2)
  2 goblins
  A kobold (D:2)
  2 rats
13 creatures vanquished.

Notes
Turn   | Place    | Note
--------------------------------------------------------------
     0 | D:1      | kae the Tengu Fire Elementalist began the quest for the Orb.
     0 | D:1      | Reached XP level 1. HP: 10/10 MP: 4/4
   102 | D:1      | Found an iron altar of Okawaru.
   410 | D:1      | Reached XP level 2. HP: 15/15 MP: 6/6
   471 | D:1      | Reached skill level 4 in Fire Magic
   633 | D:2      | Found a sacrificial altar of Ru.
   652 | D:2      | Succumbed to an adder's poison

Vault maps used:
D:1:      minmay_arrival_five_plusses, okawaru_ov_weapons_minmay
D:2:      nicolae_overflow_hidden_temple, hangedman_ru_absence, uniq_jessica

Action                   || total
-------------------------++-------
Melee: Spear             ||    10
       Unarmed           ||     2
       Long sword        ||     9
 Cast: Flame Tongue      ||    10
 Stab: Sleeping          ||     1
